AoeStats
← Grishous_Flogdick

Lombardia

509227925Analyzed
2v2 RM · 6d ago on Sep 26, 2026· 39m 19s· 4 players
Game mode
Random Map
Map size
Medium (4 player)
Population
200
Speed
Normal
Resources
Standard
Victory
Conquest
Starting age
Dark Age
Ending age
Imperial Age
RankedLock teamsTeams togetherTeam positionsShared explorationLock speedFull tech treeHidden civsTurbo modeCheats
Victory
Defeat
🇺🇸 Maya · United States
925
+16
🇺🇸 Gurjaras · United States
924
+16
🇬🇧 Saxons · United Kingdom
957
-16
🇬🇧 Spanish · United Kingdom
912
-16
Grishous_Flogdick
0:36 Loom
9:13 Feudal Age
10:22 Gold Mining
11:58 Horse Collar
14:33 Wheelbarrow
18:22 Fletching
23:39 Castle Age
22:13 Padded Archer Armor
22:27 Stone Mining
24:43 Elite Skirmisher
27:42 Leather Archer Armor
27:23 Bodkin Arrow
26:52 Crossbowman
27:59 Double-Bit Axe
32:13 Hand Cart
34:43 Imperial Age
34:27 Thumb Ring
35:57 Arbalester
36:51 Bracer
37:21 Ring Archer Armor
HATEFUL JINN
0:27 Loom
11:32 Feudal Age
11:58 Horse Collar
12:10 Double-Bit Axe
18:16 Scale Barding Armor
18:22 Forging
24:26 Castle Age
25:03 Bloodlines
25:35 Chain Barding Armor
25:51 Iron Casting
24:40 Light Cavalry
28:35 Wheelbarrow
28:04 Heavy Plow
30:51 Hand Cart
38:45 Kshatriyas
ralph85
7:00 Loom
10:45 Feudal Age
11:13 Double-Bit Axe
11:11 Horse Collar
11:28 Gold Mining
14:46 Stone Mining
24:58 Castle Age
26:04 Squires
25:50 Gambesons
31:07 Fletching
31:32 Bow Saw
31:51 Pikeman
33:32 Arson
35:18 Gold Shaft Mining
37:30 Scale Mail Armor
Ralph785
6:02 Loom
11:12 Feudal Age
14:49 Padded Archer Armor
20:39 Castle Age
19:11 Padded Archer Armor
22:40 Leather Archer Armor
25:31 Double-Bit Axe
25:28 Horse Collar
26:08 Husbandry
Connection lost

Rejoining the realm…

Still unreachable

The connection could not be restored.

Session expired

The server has moved on; the page needs a fresh start.